 Dungeon Crawl Stone Soup version 0.20-a0-454-g2b43fbb (webtiles) character file.

123 HarleyQuinn the Twirler (level 4, -8/33 HPs)
             Began as a Demonspawn Gladiator on Jan 9, 2017.
             Was a Believer of Qazlal.
             Killed from afar by a kobold (23 damage)
             ... with a wand of acid (?/15)
             ... on level 3 of the Dungeon.
             The game lasted 00:02:30 (2255 turns).

HarleyQuinn the Twirler (Demonspawn Gladiator)      Turns: 2255, Time: 00:02:30

Health: -8/33      AC:  9    Str: 14    XL:     4   Next: 80%
Magic:  4/4        EV:  7    Int: 11    God:    Qazlal [**....]
Gold:   171        SH:  2    Dex: 14    Spells: 3/3 levels left

rFire  . . .     SeeInvis .     a - +0 quarterstaff
rCold  . . .     Gourm    .     m - +0 chain mail
rNeg   . . .     Faith    .     (shield currently unavailable)
rPois  .         Spirit   .     (helmet restricted)
rElec  .         Reflect  .     (no cloak)
rCorr  .         Harm     .     l - +0 pair of gloves
MR     .....                    (no boots)
Stlth  ..........               (no amulet)
                                (no ring)
                                (no ring)

@: no status effects
A: antennae 1, claws 1, powered by death 1
a: Upheaval, Renounce Religion


You were on level 3 of the Dungeon.
You worshipped Qazlal.
Qazlal was pleased with you.
You were not hungry.

You visited 1 branch of the dungeon, and saw 3 of its levels.

You collected 171 gold pieces.

Inventory:

Hand Weapons
 a - a +0 quarterstaff (weapon)
Missiles
 d - 3 throwing nets (quivered)
Armour
 b - a +0 leather armour
 c - a +0 helmet
 l - a +0 pair of gloves (worn)
 m - a +0 chain mail (worn)
Scrolls
 e - 2 scrolls of immolation {unknown}
 n - 12 scrolls of identify {unknown}
 p - a scroll of amnesia {unknown}
 w - 2 scrolls of fog {unknown}
Potions
 j - a potion of mutation {unknown}
 k - a potion of haste {unknown}
 o - a potion of curing {unknown}
 q - a potion of ambrosia {unknown}
 r - 2 potions of flight {unknown}
 t - a potion of agility {unknown}
 u - a potion of cancellation {unknown}
 v - a potion of brilliance {unknown}
Comestibles
 f - 4 bread rations
 g - 2 slices of pizza
 h - 11 chunks of flesh
 i - 2 meat rations
 s - 2 fruits


   Skills:
 - Level 2.0 Fighting
 - Level 3.9 Staves
 - Level 1.7 Throwing
 - Level 2.6 Dodging
 + Level 2.9 Unarmed Combat


You had 3 spell levels left.
You didn't know any spells.

Dungeon Overview and Level Annotations

Branches:
Dungeon (3/15)

Altars:
Okawaru
Qazlal
Zin


Innate Abilities, Weirdness & Mutations

You have a pair of small antennae on your head.
You have sharp fingernails.
You regenerate a little health from kills.


Message History

You are too injured to fight recklessly!
You are too injured to fight recklessly!
You are too injured to fight recklessly!
You are too injured to fight recklessly!
You are too injured to fight recklessly!
You are too injured to fight recklessly!
You are too injured to fight recklessly!
You are too injured to fight recklessly!
You are too injured to fight recklessly!
You are too injured to fight recklessly!
You are too injured to fight recklessly!
You are too injured to fight recklessly!
You are too injured to fight recklessly!
You are too injured to fight recklessly!
You are too injured to fight recklessly!
You are too injured to fight recklessly!
A kobold comes into view.
The kobold zaps a wand.
The bolt of acid hits you!
Ouch! That really hurt!
You die...

.....# ......# ######
###### ......#### ......
...... ##### #....#...#
...... ...>..##...#
##......... ......
...........###..........
..####
....K..#...##...<.......
###
.K..%...§...............
#
.##.###@#######÷........
# #..# #........# #.##
#..##.#### .. #..# #
.....(#.. .## #..#
#♣....... #. #..#
.♣...... #.. ##..#
♣......# ..# ##..##
♣_.....# #.# ##...#


You could see 2 kobolds.

Vanquished Creatures
  3 adders
  A gnoll (D:3)
  4 oozes
  A dart slug (D:1)
  5 orcs (D:3)
  2 giant cockroaches (D:1)
  8 goblins
  12 hobgoblins
  2 jackals (D:1)
  A quokka (D:2)
  2 ball pythons
  9 bats
  2 frilled lizards
  4 kobolds
  4 rats (D:1)
60 creatures vanquished.

Notes
Turn   | Place    | Note
-------+----------+-------------------------------------------
     0 | D:1      | HarleyQuinn the Demonspawn Gladiator began the quest for the Orb.
     0 | D:1      | Reached XP level 1. HP: 16/16 MP: 1/1
   105 | D:1      | Reached skill level 3 in Staves
   466 | D:1      | Gained mutation: You regenerate a little health from kills. [demonic ancestry]
   466 | D:1      | Reached XP level 2. HP: 22/22 MP: 2/2
  1226 | D:1      | Gained mutation: You have a pair of small antennae on your head. [demonic ancestry]
  1226 | D:1      | Reached XP level 3. HP: 27/27 MP: 3/3
  1514 | D:2      | Reached skill level 1 in Unarmed Combat
  1536 | D:2      | Found a faded altar of an unknown god.
  1611 | D:2      | Became a worshipper of Qazlal Stormbringer
  1611 | D:2      | Reached * piety under Qazlal
  1807 | D:2      | Gained mutation: You have sharp fingernails. [demonic ancestry]
  1807 | D:2      | Reached XP level 4. HP: 27/33 MP: 4/4
  2033 | D:3      | Found an iron altar of Okawaru.
  2084 | D:3      | Found a glowing silver altar of Zin.
  2109 | D:3      | Reached ** piety under Qazlal
  2255 | D:3      | Killed from afar by a kobold

Vault maps used:
D:1:      nagdon_arrival_double_spiral
D:2:      chequers_ecumenical_altar_island, kennysheep_generic_room_7
D:3:      zin_academy, first_bread, minmay_liquid_box, okawaru_altar_gauntlet_db

Skill      XL: |  1  2  3  4 |
---------------+-------------+-----
Staves         | 3 |  3.9
Unarmed Combat | 1 2 |  2.9
Fighting       | |  2.0
Throwing       | |  1.7
Dodging        | |  2.6

Action                   |  1- 3 |  4- 6 || total
-------------------------+-------+-------++-------
Melee: Quarterstaff      |   111 |    42 ||   153
 Stab: Sleeping          |     3 |       ||     3
  Eat: Chunk             |     3 |     1 ||     4
Armor: Leather armour    |     9 |       ||     9
       Chain mail        |    56 |    36 ||    92
Dodge: Dodged            |    53 |    22 ||    75
Block: Other             |     1 |     4 ||     5
